Map: Blackburn LE

Players

Precog - Winner!

  • Race: Zerg Zerg
  • League: Gold

VOD

Have the link to the VOD?

Description

Time

  • Played on: Jan. 28, 2022, 4:05 p.m.
  • Length: 7:49
Show
View Real Time Build Order
Export as new Build Order

Precog Zerg - Winner!

Build Orders:  

Get SALT Encoding   

  12  0:06  Drone  
  13  0:17  Overlord  
  13  0:29  Drone  
  14  0:45  Drone  
  14  0:46  Drone  
  16  1:13  Hatchery  
  16  1:17  Drone  
  16  1:19  Drone  
  17  1:23  Drone  
  17  1:27  Extractor  
  17  1:38  Drone  
  18  1:51  Spawning Pool  
  18  1:56  Drone  
  18  2:06  Drone  
  19  2:22  Drone  
  20  2:36  Drone  
  21  2:56  Queen  
  21  2:57  Queen  
  25  3:02  Zergling x2  
  25  3:03  Zergling x2  
  25  3:07  Overlord  
  27  3:18  Roach Warren  
  26  3:29  Drone x2  
  28  3:33  Drone  
  28  3:39  Drone x2  
  31  3:54  Overlord x2  
  31  4:15  Roach x2  
  35  4:23  Roach  
  37  4:38  Roach x2  
  41  4:46  Roach x4  
  41  4:47  Roach  
  52  5:21  Overlord x2  
  52  5:23  Overlord  
  52  5:28  Hatchery  
  51  5:44  Drone  
  51  5:47  Overlord x2  
  51  5:48  Drone  
  51  6:13  Drone x5  
  51  6:14  Drone  
  57  6:40  Drone  
  57  6:41  Drone  
  59  6:58  Drone x2  
  67  7:25  Drone x4  
  67  7:26  Drone  
  72  7:33  Extractor  
  72  7:36  Extractor  
  72  7:38  Extractor  
Tags
 
League
Gold
Matchup
Co-op
Add a new tag
Caveats
  • Supply blocks, unpowered buildings, or Contaminate may cause inaccurate times.
  • Supply counts are checked every 10 seconds.